 Dungeon Crawl Stone Soup version 0.26.1-11-gd32895ea62 (webtiles) character file.

Game seed: 12339752711282760320

267 phalm the Conjurer (level 6, 46/46 HPs)
             Began as a Demonspawn Conjurer on June 23, 2021.
             Quit the game on level 3 of the Dungeon.
             The game lasted 00:05:57 (3974 turns).

phalm the Conjurer (Demonspawn Conjurer)            Turns: 3974, Time: 00:05:57

Health: 46/46      AC:  4    Str:  7    XL:     6   Next: 0%
Magic:  8/11       EV: 14    Int: 22    God:
Gold:   68         SH:  0    Dex: 11    Spells: 8/11 levels left

rFire    . . .     SeeInvis .   m - staff of cold
rCold    + . .     Faith    +   (no shield)
rNeg     . . .     Spirit   .   a - +0 robe
rPois    .         Reflect  .   (helmet restricted)
rElec    .         Harm     .   n - +0 cloak
rCorr    .         Rampage  .   s - +0 pair of gloves
Will     .....                  (no boots)
Stlth    ++........             T - amulet of faith {!P}
HPRegen  0.15/turn              (no ring)
MPRegen  0.12/turn              (no ring)

@: no status effects
A: horns 1, repulsion field 1, miasma immunity
a: no special abilities


You were on level 3 of the Dungeon.
You visited 1 branch of the dungeon, and saw 3 of its levels.

You collected 68 gold pieces.


Innate Abilities, Weirdness & Mutations

You have a pair of small horns on your head.
You are surrounded by a mild repulsion field. (EV +2)
You are immune to miasma.


   Skills:
 + Level 2.6 Fighting
 - Level 1.7 Dodging
 - Level 1.7 Stealth
 + Level 3.3 Spellcasting
 * Level 5.8 Conjurations


You had 8 spell levels left.
You knew the following spells:

 Your Spells              Type           Power        Failure   Level
m - Magic Dart            Conj           100%         1%          1
s - Searing Ray           Conj           58%          1%          2

Your spell library contained the following spells:

 Spells                   Type           Power        Failure   Level
 Dazzling Flash           Conj/Hex       32%          11%         3
 Fulminant Prism          Conj/Hex       8%           34%         4
 Iskenderun's Mystic Bla  Conj/Tloc      16%          34%         4

Inventory:

Hand Weapons
 j - a +0 great sword
   (You found it on level 2 of the Dungeon)
Missiles
 h - 23 poisoned darts (quivered)
 t - 3 boomerangs
Armour
 a - a +0 robe (worn)
 n - a +0 cloak (worn)
   (You found it on level 2 of the Dungeon)
 s - a +0 pair of gloves (worn)
   (You found it on level 3 of the Dungeon)
Magical Staves
 m - an uncursed staff of cold (weapon)
   (You found it on level 2 of the Dungeon)
Jewellery
 T - an amulet of faith (around neck) {!P}
   (You found it on level 1 of the Dungeon)
Wands
 p - a wand of flame (14)
   (You took it off Robin on level 2 of the Dungeon)
Scrolls
 b - 3 scrolls of amnesia {unknown}
 c - a scroll of enchant weapon {unknown}
 d - 3 scrolls of teleportation {unknown}
 f - a scroll of noise {unknown}
 g - a scroll of magic mapping {unknown}
 q - a scroll of remove curse {unknown}
 r - 2 scrolls of identify {unknown}
Potions
 e - 5 potions of curing {@q1}
 i - a potion of magic {unknown}
 k - a potion of invisibility {unknown}
 l - 2 potions of lignification {unknown}
 o - a potion of might {unknown}

Dungeon Overview and Level Annotations

Branches:
Dungeon (3/15)

Altars:
Ashenzari
Dithmenos
Elyvilon
Hepliaklqana
Uskayaw
Wu Jian
Zin
The Shining One

#.....# #..†..# #.....#
# #.....##. #.....'..
###.....#.#######...
........#.#.........
.......@#.#.########
........#...#####
...........÷))).#
...#####...♣....########
.. ......♣.♣...........
. ####.♣._.♣.#####....
#..♣.♣..# #....
#####...♣...#####....
#....................


There were no monsters in sight!


Message History

You open the door.
There is an open door here.
A kobold comes into view.
There is a stone staircase leading down here.
Casting: Magic Dart (safe; 1% risk of failure)
Confirm with . or Enter, or press ? or * to list all spells.
Aiming: Magic Dart (safe; 1% risk of failure)
Press: ? - help, Shift-Dir - straight line, f - kobold
Aim: a kobold (wandering, hasn't noticed you, 0% to evade)
The magic dart hits the kobold.
The kobold shouts! 😎 MP[-1]
You lost 1 mp, and now have 9/10 mp.
Casting: Magic Dart (safe; 1% risk of failure)
Confirm with . or Enter, or press ? or * to list all spells.
Aiming: Magic Dart (safe; 1% risk of failure)
Press: ? - help, Shift-Dir - straight line, f/p - kobold
Aim: a kobold (severely wounded, 0% to evade)
The magic dart hits the kobold.
You kill the kobold! 😎 MP[-1]
You lost 1 mp, and now have 8/10 mp.
You see here 13 stones. 2 jackals come into view. 😎 MP[+2]
Your mp is fully restored (10).
Casting: Magic Dart (safe; 1% risk of failure)
Confirm with . or Enter, or press ? or * to list all spells.
Aiming: Magic Dart (safe; 1% risk of failure)
Press: ? - help, Shift-Dir - straight line, f - jackal
Aim: a jackal (asleep, 0% to evade)
The magic dart hits the jackal!
You kill the jackal!
The jackal barks! 😎 MP[-1]
You lost 1 mp, and now have 9/10 mp.
Casting: Magic Dart (safe; 1% risk of failure)
Confirm with . or Enter, or press ? or * to list all spells.
Aiming: Magic Dart (safe; 1% risk of failure)
Press: ? - help, Shift-Dir - straight line, f - jackal
Aim: a jackal (0% to evade)
The magic dart hits the jackal. 😎 MP[-1]
You lost 1 mp, and now have 8/10 mp.
Casting: Magic Dart (safe; 1% risk of failure)
Confirm with . or Enter, or press ? or * to list all spells.
Aiming: Magic Dart (safe; 1% risk of failure)
Press: ? - help, Shift-Dir - straight line, f/p - jackal
Aim: a jackal (heavily wounded, 0% to evade)
The magic dart hits the jackal but does no damage. 😎 MP[-1]
You lost 1 mp, and now have 7/10 mp.
Casting: Magic Dart (safe; 1% risk of failure)
Confirm with . or Enter, or press ? or * to list all spells.
Aiming: Magic Dart (safe; 1% risk of failure)
Press: ? - help, Shift-Dir - straight line, f/p - jackal
Aim: a jackal (heavily wounded, 0% to evade)
The magic dart hits the jackal.
You kill the jackal! 😎 MP[-1]
You lost 1 mp, and now have 6/10 mp.
You see here a cloak.
There is an open door here.
Found an escape hatch in the floor. 😎 MP[+4]
Your mp is fully restored (10).
There is an escape hatch in the floor here.
There is an escape hatch in the floor here.
There is an open door here.
There is an open door here.
Things that are here:
a +0 mace; an orc skeleton
Things that are here:
a +0 hand axe; an orc skeleton You see here a +0 whip.
You see here a rat skeleton.
A dart slug comes into view.
Casting: Magic Dart (safe; 1% risk of failure)
Confirm with . or Enter, or press ? or * to list all spells.
Aiming: Magic Dart (safe; 1% risk of failure)
Press: ? - help, Shift-Dir - straight line, f - dart slug
Aim: a dart slug (0% to evade)
The magic dart hits the dart slug. 😎 MP[-1]
You lost 1 mp, and now have 9/10 mp.
Casting: Magic Dart (safe; 1% risk of failure)
Confirm with . or Enter, or press ? or * to list all spells.
Aiming: Magic Dart (safe; 1% risk of failure)
Press: ? - help, Shift-Dir - straight line, f/p - dart slug
Aim: a dart slug (severely wounded, 0% to evade)
The magic dart hits the dart slug.
You kill the dart slug!
You have reached level 6!
Your experience leads to an increase in your attributes!
Increase (S)trength, (I)ntelligence, or (D)exterity?
You feel clever.
Your demonic ancestry asserts itself...
You feel immune to miasma. 😎 HP[+7] MP[-1]
You now have 46 max hp (+7).
Your hp is fully restored (46).
Are you sure you want to abandon this character and quit the game? (Confirm with "yes".)

Skill      XL: |  1  2  3  4 |
---------------+-------------+-----
Fighting       | 1 2 |  2.6
Conjurations   | 5 |  5.8
Spellcasting   | 3 |  3.3
Dodging        | |  1.7
Stealth        | |  1.7

Action                   |  1- 3 |  4- 6 || total
-------------------------+-------+-------++-------
Melee: Unarmed           |    20 |       ||    20
       Great sword       |     2 |       ||     2
       Staff             |       |    25 ||    25
       Headbutt          |       |     4 ||     4
Throw: Dart              |       |     1 ||     1
 Cast: Magic Dart        |    58 |    67 ||   125
       Searing Ray       |     1 |    10 ||    11
Armor: Robe              |    10 |     5 ||    15
Dodge: Dodged            |    20 |    37 ||    57
       Rpst.: Great sword |     1 |       ||     1

Levels and vault maps discovered:
D:1:      elethiomel_arrival_quiet, layout_basic
D:2:      layout_loops_ring, gammafunk_temple_overflow_forgotten,
          old_standard_altar, nzn_hepliaklqana_mist_gate,
          nicolae_overflow_hidden_temple, evilmike_ruin_ashenzari
D:3:      layout_basic, lemuel_round_altar,
          chequers_ecumenical_altar_simple_redux, corexii_shack, uniq_robin

Notes
Turn   | Place    | Note
-------+----------+-------------------------------------------
     0 | D:1      | phalm the Demonspawn Conjurer began the quest for the Orb.
     0 | D:1      | Reached XP level 1. HP: 13/13 MP: 3/3
     0 | D:1      | magus.rc [v1.9.10]
   432 | D:1      | Gained mutation: You are surrounded by a mild repulsion
                  | field. (EV +2) [demonic ancestry]
   432 | D:1      | Reached XP level 2. HP: 17/20 MP: 0/5
  1096 | D:1      | Reached skill level 1 in Fighting
  1423 | D:2      | Reached XP level 3. HP: 26/26 MP: 1/6
  1612 | D:2      | Learned a level 2 spell: Searing Ray
  1713 | D:2      | Gained mutation: You have a pair of small horns on your
                  | head. [demonic ancestry]
  1713 | D:2      | Reached XP level 4. HP: 28/32 MP: 0/7
  1817 | D:2      | Found a broken altar of Ashenzari.
  1831 | D:2      | Reached skill level 5 in Conjurations
  2200 | D:2      | Found a white marble altar of Elyvilon.
  2218 | D:2      | Found a glowing silver altar of Zin.
  2219 | D:2      | Found an ornate altar of the Wu Jian Council.
  2220 | D:2      | Found a glowing golden altar of the Shining One.
  2518 | D:2      | Found a hide-covered altar of Uskayaw.
  2642 | D:2      | Found a hazy altar of Hepliaklqana.
  2721 | D:3      | Noticed Robin
  2770 | D:2      | HP: 7/33 [Robin/+0 short sword (3)]
  2772 | D:2      | Killed Robin
  2773 | D:2      | Reached skill level 2 in Fighting
  3172 | D:3      | Reached skill level 3 in Spellcasting
  3172 | D:3      | Reached XP level 5. HP: 33/38 MP: 5/9
  3237 | D:3      | Found a shadowy altar of Dithmenos.
  3703 | D:3      | Found a faded altar of an unknown god.
  3974 | D:3      | Gained mutation: You are immune to miasma. [demonic
                  | ancestry]
  3974 | D:3      | Reached XP level 6. HP: 46/46 MP: 8/11
  3974 | D:3      | Quit the game

Vanquished Creatures
  2 orc priests (D:3)
  An orc wizard (D:3)
  Robin (D:2)
  5 adders
  4 gnolls (D:2)
  A dart slug (D:3)
  2 leopard geckos (D:1)
  7 orcs (D:3)
  A giant cockroach (D:1)
  4 hobgoblins
  7 jackals
  7 kobolds
  A ball python (D:1)
  9 bats
  5 frilled lizards
  16 goblins
  8 rats
81 creatures vanquished.

Vanquished Creatures (others)
  A plant (D:2)
1 creature vanquished.

Grand Total: 82 creatures vanquished

Table legend:
 A = Non-vault XP
 B = Vault XP
 C = Vault XP percentage of total XP
 D = Non-vault monster count
 E = Vault monster count
 F = Vault count percentage of total count
                 A         B        C        D         E       F
            +---------+---------+-------+---------+---------+-------
      Total |     343 |      39 |  10.2 |      68 |      13 |  16.0
            +---------+---------+-------+---------+---------+-------
        D:1 |      33 |       0 |   0.0 |      20 |       0 |   0.0
        D:2 |     117 |      27 |  18.8 |      20 |       7 |  25.9
        D:3 |     193 |      12 |   5.9 |      28 |       6 |  17.6
            +---------+---------+-------+---------+---------+-------

Illustrated notes

Table legend:
 A = Kills in this place as a percentage of kills in entire the game.
 B = Kills by you in this place as a percentage of kills by you in the entire game.
 C = Kills by friends in this place as a percentage of kills by friends in the entire game.
 D = Other kills in this place as a percentage of other kills in the entire game.
 E = Experience gained in this place as a percentage of experience gained in the entire game.
 F = Experience gained in this place divided by the number of levels of this place that you have seen.
                   A       B       C       D       E      F
               +-------+-------+-------+-------+-------+----------------------
         Total | 100.0 | 100.0 |   N/A |   N/A | 100.0 | 127.3
       Dungeon | 100.0 | 100.0 |   N/A |   N/A | 100.0 | 127.3
               +-------+-------+-------+-------+-------+----------------------

Table legend: (Time is in decaauts)
 A = Elapsed time spent in this place.
 B = Non-inter-level travel time spent in this place.
 C = Inter-level travel time spent in this place.
 D = Time resting spent in this place.
 E = Time spent auto-exploring this place.
 F = Levels seen in this place.
 G = Mean time per level.
                   A        B        C        D        E       F      G
               +--------+--------+--------+--------+--------+-----+--------+
         Total |   3981 |   3860 |    121 |      0 |   3467 |   3 | 1327.0 |
       Dungeon |   3981 |   3860 |    121 |      0 |   3467 |   3 | 1327.0 |
               +--------+--------+--------+--------+--------+-----+--------+

Top non-repeatable levels by time:
     D:2: 1850 daAuts
     D:1: 1304 daAuts
     D:3: 827 daAuts
